 Dungeon Crawl Stone Soup version 0.29.1-12-g30fa7ad0bf (webtiles) character file.

Game seed: 8082940587145878373

23 DildoBatman the Conjurer (level 3, -3/26 HPs)
             Began as a Formicid Conjurer on Dec 14, 2022.
             Slain by an iguana (11 damage)
             ... on level 3 of the Dungeon.
             The game lasted 00:02:07 (629 turns).

DildoBatman the Conjurer (Formicid Conjurer)         Turns: 629, Time: 00:02:07

Health: -3/26      AC:  2    Str: 11    XL:     3   Next: 10%
Magic:  0/6        EV: 12    Int: 19    God:
Gold:   60         SH:  0    Dex: 12    Spells: 4/7 levels left

rFire   . . .      SeeInvis +   d - +0 sling
rCold   . . .      Faith    .   (no shield)
rNeg    . . .      Spirit   .   a - +0 robe
rPois   .          Reflect  .   (helmet unavailable)
rElec   .          Harm     .   (no cloak)
rCorr   .          Rampage  .   (no gloves)
Will    .....                   (no boots)
Stlth   ++........              (no amulet)
HPRegen 0.08/turn               (no ring)
MPRegen 0.10/turn               (no ring)

@: no status effects
A: permanent stasis, dig shafts and tunnels, antennae 3, four strong arms
a: Dig, Shaft Self


You were on level 3 of the Dungeon.
You visited 1 branch of the dungeon, and saw 3 of its levels.

You collected 60 gold pieces.

Inventory:

Hand Weapons
 d - a +0 sling (weapon)
Missiles
 c - 9 stones
Armour
 a - a +0 robe (worn)
Jewellery
 f - a ring of magical power
Scrolls
 e - a scroll of identify {unknown}
 g - a scroll of teleportation {unknown}
 h - a scroll of vulnerability {unknown}
Potions
 b - a potion of magic
 i - a potion of might {unknown}


   Skills:
 * Level 1.0 Fighting
 * Level 1.0 Armour
 - Level 2.0 Dodging
 - Level 2.4 Stealth
 * Level 2.5 Spellcasting
 * Level 3.8 Conjurations


You had 4 spell levels left.
You knew the following spells:

 Your Spells              Type           Power      Damage    Failure   Level
a - Searing Ray           Conj           32%        2d5       4%          2
c - Magic Dart            Conj           64%        1d6       3%          1

Your spell library contained the following spells:

 Spells                   Type           Power      Damage    Failure   Level
 Dazzling Flash           Conj/Hex       18%        N/A       22%         3
 Call Canine Familiar     Summ           2%         N/A       43%         3
 Portal Projectile        Hex/Tloc       4%         N/A       43%         3
 Fulminant Prism          Conj/Hex       4%         3d6       58%         4
 Iskenderun's Mystic Bla  Conj/Tloc      9%         2d4       58%         4
 Leda's Liquefaction      Hex/Erth       1%         N/A       85%         4


Dungeon Overview and Level Annotations

Branches:
Dungeon (3/15)

Altars:

Annotations:
D:2 Terence


Innate Abilities, Weirdness & Mutations

You cannot be hasted, slowed, berserked, paralysed or teleported.
You can dig through walls and to a lower floor.
You have a pair of large antennae on your head. (SInv)
Your four strong arms can wield two-handed weapons with a shield.


Message History

c - 9 stones (gained 1)
You now have 60 gold pieces (gained 10).
You sense a monster nearby.
An iguana comes into view.
You shoot a sling bullet. The sling bullet hits the iguana.
The iguana hisses angrily.
The iguana is lightly wounded.
You shoot a sling bullet.
The sling bullet closely misses the iguana.
Casting: Magic Dart (safe; 3% risk of failure)
Confirm with . or Enter, or press ? or * to list all spells.
Aiming: Searing Ray (safe; 4% risk of failure)
Press: ? - help, Shift-Dir - straight line, f/p - iguana
Aim: an iguana (lightly wounded, 81% to hit)
The searing ray misses the iguana. (Press . to maintain the ray.)
The searing ray hits the iguana.
The iguana is moderately wounded.
The searing ray hits the iguana!
The iguana is almost dead.
The searing ray hits the iguana but does no damage.
The iguana is almost dead.
You finish channelling your searing ray.
The iguana bites you.
Casting: Searing Ray (safe; 4% risk of failure)
Confirm with . or Enter, or press ? or * to list all spells.
Aiming: Magic Dart (safe; 3% risk of failure)
Press: ? - help, Shift-Dir - straight line, f/p - iguana
Aim: an iguana (almost dead, 100% to hit)
The magic dart hits the iguana but does no damage.
The iguana is almost dead.
The iguana bites you.
Casting: Magic Dart (safe; 3% risk of failure)
Confirm with . or Enter, or press ? or * to list all spells.
You don't have enough magic to cast this spell.
You shoot a sling bullet.
The sling bullet closely misses the iguana.
The iguana bites you! x2
You die...

..............
.............
............
#.....8....
#........#
#.......#
#...l...# #.@#
##.# #. #.## #..
#..# #.#
##.#######.# ####
#......##.####...
######......##.>.
##...####...
#...#######


You could see an iguana.

Vanquished Creatures
  3 ball pythons (D:1)
  3 endoplasms (D:1)
  A giant cockroach (D:1)
  A hobgoblin (D:1)
  3 kobolds (D:1)
  A quokka (D:1)
  A bat (D:1)
  2 frilled lizards (D:2)
  4 goblins
  3 rats
22 creatures vanquished.

Notes
Turn   | Place    | Note
-------+----------+-------------------------------------------
     0 | D:1      | DildoBatman the Formicid Conjurer began the quest for the
                  | Orb.
     0 | D:1      | Reached XP level 1. HP: 13/13 MP: 3/3
   159 | D:1      | Reached XP level 2. HP: 20/20 MP: 5/5
   162 | D:1      | Learned a level 2 spell: Searing Ray
   396 | D:1      | Reached skill level 1 in Armour
   499 | D:2      | Reached skill level 1 in Fighting
   499 | D:2      | Reached XP level 3. HP: 26/26 MP: 6/6
   556 | D:2      | Noticed Terence
   629 | D:3      | Slain by an iguana

Illustrated notes

Levels and vault maps discovered:
D:1:      dpeg_arrival_pond, layout_rooms
D:2:      layout_loops_cross, minmay_misc_feat_iff, minmay_indecisive_spiral,
          uniq_terence, uniq_robin
D:3:      layout_basic, grunt_decor_fettered, kennysheep_decorative_pillar,
          nicolae_elevator_lobby_plus

Skill      XL: |  1  2 |
---------------+-------+-----
Dodging        | 2 |  2.0
Armour         | 1 |  1.0
Fighting       | 1 |  1.0
Stealth        | |  2.4
Spellcasting   | |  2.5
Conjurations   | |  3.8

Action                   || total
-------------------------++-------
 Fire: Sling             ||    38
 Cast: Magic Dart        ||    14
       Searing Ray       ||     1
Dodge: Dodged            ||     3
